Map: Jagannatha LE

Players

Armani

  • Race: Zerg Zerg
  • Spawn Location: 7:00

Elazer - Winner!

  • Race: Zerg Zerg
  • Spawn Location: 1:00

Event: IEM Katowice 2021

VOD

Have the link to the VOD?

Description

Time

  • Played on: Feb. 20, 2021, 12:32 p.m.
  • Length: 7:39

All games in this series

Show
View Real Time Build Order
Export as new Build Order

Armani Zerg 

Build Orders: 1 Base Baneling Bust, Pool First 

Get SALT Encoding   

  12  0:09  Extractor  
  11  0:19  Spawning Pool  
  10  0:24  Drone  
  11  0:30  Drone  
  12  0:35  Drone  
  13  0:48  Overlord  
  13  1:07  Zergling x4  
  13  1:08  Zergling x2  
  16  1:13  Metabolic Boost  
  16  1:18  Zergling x2  
  17  1:31  Zergling x2  
  18  1:36  Baneling Nest  
  17  1:41  Zergling x2  
  18  1:51  Zergling x2  
  19  2:00  Queen  
  21  2:02  Zergling x2  
  22  2:15  Zergling x2, Extractor  
  23  2:28  Baneling  
  22  2:31  Overlord  
  22  2:34  Baneling  
  22  2:35  Baneling x2  
  22  2:47  Baneling  
  22  2:53  Zergling x4  
  19  3:13  Drone x5  
  23  3:23  Baneling  
  23  3:26  Drone  
  24  3:42  Hatchery  
  24  3:46  Drone  
  24  3:49  Zergling x2  
  24  3:52  Drone  
  24  3:54  Drone  
  27  4:00  Overlord  
  27  4:10  Queen  
  27  4:14  Drone  
  29  4:23  Drone x3  
  32  4:29  Overlord  
  32  4:31  Drone  
  34  4:38  Drone  
  34  4:49  Lair  
  34  4:50  Extractor, Drone  
  34  4:54  Drone  
  34  4:58  Drone  
  36  5:02  Drone x2  
  36  5:04  Drone  
  39  5:10  Drone  
  39  5:13  Drone  
  41  5:16  Drone  
  42  5:22  Extractor  
  42  5:24  Drone x3  
  44  5:28  Drone  
  44  5:29  Drone  
  44  5:30  Drone x2  
  44  5:31  Drone  
  48  5:36  Extractor  
  48  5:37  Drone  
  48  5:41  Overlord  
  48  5:51  Spire  
  48  5:52  Overlord  
  48  5:54  Spine Crawler, Drone  
  47  6:00  Overlord  
  47  6:02  Drone x3  
  50  6:06  Overlord  
  50  6:12  Spine Crawler  
  50  6:17  Evolution Chamber  
  48  6:21  Evolution Chamber  
  48  6:24  Evolution Chamber, Overlord, Spine Crawler  
  45  6:27  Queen  
  47  6:36  Baneling  
  47  6:37  Baneling x3  
  47  6:43  Zergling x6, Evolution Chamber  
  47  6:44  Zergling x6  
  50  6:52  Spine Crawler  
  49  6:55  Zergling x8  
  52  7:08  Spine Crawler  
  52  7:11  Zergling x10  
  48  7:19  Zergling x8  
Show
View Real Time Build Order
Export as new Build Order

Elazer Zerg - Winner!

Build Orders: Hatch First 

Get SALT Encoding   

  12  0:00  Drone  
  13  0:12  Overlord  
  13  0:17  Drone  
  14  0:30  Drone x2  
  16  0:48  Hatchery  
  15  0:51  Drone  
  15  0:55  Drone  
  17  0:58  Drone  
  18  1:09  Extractor  
  17  1:14  Spawning Pool  
  17  1:17  Drone  
  17  1:20  Drone  
  18  1:29  Drone  
  19  2:01  Zergling x8, Queen  
  27  2:09  Spine Crawler  
  27  2:12  Zergling x2  
  27  2:13  Zergling x2  
  28  2:17  Baneling Nest  
  27  2:24  Zergling x2  
  28  2:46  Overlord  
  28  2:47  Overlord  
  26  2:52  Spine Crawler  
  24  3:01  Baneling x2  
  24  3:02  Baneling x2  
  24  3:03  Queen  
  26  3:07  Drone x3  
  20  3:23  Drone  
  21  3:29  Metabolic Boost  
  21  3:34  Drone  
  21  3:39  Queen  
  24  3:41  Drone  
  25  3:51  Drone  
  26  4:04  Drone  
  27  4:16  Hatchery  
  27  4:17  Drone x2  
  28  4:20  Drone  
  28  4:22  Drone  
  30  4:32  Overlord  
  30  4:38  Lair  
  30  4:47  Overlord  
  30  4:49  Drone  
  30  4:50  Drone  
  32  4:53  Extractor  
  32  4:55  Drone  
  32  4:57  Drone  
  33  5:06  Drone  
  35  5:14  Drone  
  35  5:24  Drone x3  
  38  5:29  Queen  
  38  5:30  Drone x2  
  42  5:41  Zergling x4, Roach Warren  
  43  5:50  Zergling x2  
  43  5:52  Overlord  
  43  5:55  Nydus Network  
  43  6:21  Overlord  
  43  6:22  Roach x5  
  53  6:32  Roach, Nydus Canal  
  55  6:33  Roach  
  53  6:40  Roach x4  
  53  6:46  Queen  
  62  6:53  Roach x2  
  62  6:54  Roach  
  68  7:06  Roach x2  
  72  7:12  Roach  
  72  7:15  Roach  
  70  7:19  Nydus Canal  

Tags
 
Add a new tag
Caveats
  • Supply blocks, unpowered buildings, or Contaminate may cause inaccurate times.
  • Supply counts are checked every 10 seconds.